Map: Pillars of Gold LE

Players

Seither - Winner!

  • Race: Terran Terran
  • Spawn Location: 1:00

Demi

  • Race: Zerg Zerg
  • League: Master
  • Spawn Location: 7:00

Event: DreamHack SC2 Masters 2020 Fall

VOD

Have the link to the VOD?

Description

Time

  • Played on: Aug. 27, 2020, 5:59 a.m.
  • Length: 13:55

All games in this series

Show
View Real Time Build Order
Export as new Build Order

Seither Terran - Winner!

Build Orders:  

Get SALT Encoding   

  12  0:00  SCV  
  13  0:12  SCV  
  14  0:19  Supply Depot  
  14  0:24  SCV  
  15  0:41  Barracks  
  15  0:52  Barracks  
  15  0:57  SCV  
  16  1:09  SCV  
  16  1:10  Refinery  
  17  1:21  SCV  
  18  1:28  Marine  
  19  1:34  Orbital Command  
  19  1:39  Marine  
  19  1:42  Supply Depot  
  19  1:45  Marine  
  21  1:57  Marine  
  21  2:00  Bunker  
  22  2:02  SCV  
  23  2:08  Bunker  
  23  2:12  Marine  
  23  2:15  SCV  
  25  2:19  Marine  
  26  2:27  Factory  
  26  2:32  SCV  
  26  2:34  Marine  
  28  2:42  Marine  
  29  2:48  SCV  
  29  2:53  Supply Depot  
  29  3:05  SCV  
  30  3:13  Starport  
  30  3:16  Factory Tech Lab  
  30  3:21  SCV  
  30  3:23  Refinery  
  30  3:25  Supply Depot  
  31  3:33  SCV  
  32  3:36  Cyclone  
  35  3:44  Bunker  
  35  3:45  SCV  
  36  3:53  Starport Tech Lab  
  36  3:56  Command Center  
  36  4:05  SCV  
  37  4:10  Supply Depot  
  37  4:12  Banshee  
  40  4:20  SCV  
  41  4:24  Barracks Reactor  
  41  4:34  Cloaking Field  
  41  4:40  SCV  
  42  4:50  Command Center  
  42  4:53  SCV  
  42  4:55  Banshee  
  46  5:02  Marine x2  
  46  5:07  SCV  
  49  5:24  Factory Reactor  
  49  5:30  Orbital Command, SCV  
  49  5:31  Barracks  
  49  5:32  Barracks  
  50  5:36  Marine  
  50  5:42  SCV  
  52  5:51  Stimpack  
  52  5:55  Engineering Bay  
  52  5:56  Engineering Bay  
  52  5:57  SCV x2  
  52  6:01  Refinery, Starport Reactor  
  54  6:05  Orbital Command  
  54  6:09  Marine  
  54  6:10  SCV  
  56  6:11  SCV  
  57  6:19  Supply Depot  
  57  6:27  Terran Infantry Armor Level 1, Terran Infantry Weapons Level 1  
  57  6:28  Siege Tank, Marine  
  57  6:31  SCV  
  62  6:41  Marine  
  62  6:42  Marine x3  
  62  6:44  SCV x2  
  62  6:46  Refinery  
  68  6:52  Marine  
  68  6:53  Medivac x2  
  73  6:57  SCV x2  
  73  6:59  Marine  
  76  7:07  Supply Depot  
  77  7:09  SCV  
  77  7:11  Marine x2  
  77  7:12  Orbital Command  
  79  7:16  Siege Tank  
  79  7:17  SCV  
  79  7:21  SCV  
  84  7:28  Marine x3  
  84  7:29  Medivac x2  
  91  7:31  SCV  
  91  7:34  SCV  
  91  7:35  Combat Shield, Supply Depot  
  93  7:40  SCV  
  93  7:43  Marine x2  
  93  7:44  SCV  
  97  7:46  SCV  
  97  7:51  Supply Depot  
  98  7:52  SCV  
  98  7:56  SCV  
  98  7:57  Siege Tank  
  98  7:58  SCV, Supply Depot  
  101  8:07  Marine x4  
  101  8:12  Armory  
  98  8:22  Marine  
  98  8:23  Medivac x2  
  98  8:25  SCV x2, Marine  
  106  8:27  Barracks  
  106  8:28  Barracks, SCV, Supply Depot  
  106  8:29  Supply Depot  
  106  8:32  Refinery  
  107  8:37  SCV  
  107  8:40  Supply Depot  
  107  8:41  Marine x3  
  109  8:42  SCV x2  
  112  8:48  Marine  
  112  8:49  SCV, Marine  
  112  8:54  SCV  
  116  8:58  Siege Tank  
  116  8:59  Marine x3  
  116  9:00  SCV  
  116  9:02  SCV  
  124  9:05  Supply Depot  
  124  9:06  SCV  
  125  9:12  SCV  
  125  9:13  Marine x2  
  125  9:15  SCV  
  130  9:18  SCV  
  130  9:19  Supply Depot  
  130  9:22  Marine x3  
  135  9:24  SCV  
  135  9:25  Barracks Reactor x2  
  135  9:30  Command Center  
  135  9:31  Marine  
  133  9:39  Marine  
  133  9:40  Siege Tank, Marine x2  
  133  9:41  Medivac x2, SCV  
  133  9:42  SCV  
  133  9:44  Supply Depot  
  145  9:46  Refinery, Supply Depot  
  145  9:51  Supply Depot  
  145  9:54  Terran Infantry Weapons Level 2, Terran Infantry Armor Level 2  
  143  10:03  Marine x2  
  145  10:08  Marine x2  
  145  10:09  Marine x3  
  149  10:16  Marine x2  
  149  10:17  Siege Tank  
  149  10:19  Terran Vehicle Weapons Level 1  
  154  10:22  Factory  
  154  10:34  Marine x3  
  154  10:35  Marine x4  
  157  10:37  Medivac x2  
  162  10:43  Barracks  
  162  10:44  Barracks x2  
  162  10:55  Marine x4  
  162  10:56  Marine  
  167  10:58  Siege Tank, Marine x2  
  169  11:13  Missile Turret, Factory Reactor  
  169  11:15  Missile Turret  
  169  11:17  Missile Turret x2  
  166  11:19  Planetary Fortress  
  166  11:26  Marine x4  
  166  11:27  Medivac x2, Marine  
  166  11:28  Missile Turret  
  166  11:29  Missile Turret  
  166  11:30  Thor  
  181  11:33  Barracks Tech Lab x2  
  181  11:34  Barracks Tech Lab  
  181  11:39  Marine x2  
  184  11:40  Marauder, Marine  
  178  11:54  Marauder, Marine x3  
  178  11:55  Marauder  
  178  11:57  Drilling Claws, Widow Mine x2  
  191  12:01  Marauder, Marine  
  191  12:02  Marine x3  
  195  12:20  Marauder x3, Marine x2  
  191  12:26  Missile Turret  
  191  12:28  Widow Mine x2  
  195  12:30  Supply Depot  
  195  12:36  Marine  
  196  12:44  Command Center  
  196  12:49  Command Center  
  196  12:52  Widow Mine, SCV x2  
  200  13:04  SCV, Marine  
  199  13:06  Widow Mine  
  199  13:07  Medivac  
  200  13:14  Medivac  
  200  13:15  Marauder  
  200  13:16  Hellbat  
  200  13:17  Missile Turret  
  199  13:22  Marine  
  173  13:34  Marine x2  
  173  13:35  Marine x2  
Show
View Real Time Build Order
Export as new Build Order

Demi Zerg 

Build Orders: Hatch First 

Get SALT Encoding   

  12  0:00  Drone  
  13  0:13  Overlord  
  13  0:17  Drone  
  14  0:32  Drone x2  
  16  0:50  Hatchery  
  16  0:53  Drone  
  16  0:56  Drone  
  17  1:00  Drone  
  18  1:10  Extractor  
  17  1:16  Spawning Pool  
  16  1:20  Drone  
  16  1:23  Drone  
  18  1:30  Drone  
  19  1:39  Drone  
  20  1:51  Overlord  
  20  2:03  Queen  
  20  2:07  Zergling x4  
  26  2:13  Roach Warren  
  26  2:14  Extractor  
  22  2:18  Drone  
  22  2:20  Zergling x2  
  24  2:25  Drone  
  25  2:36  Overlord  
  25  2:39  Queen  
  27  2:53  Roach x3  
  27  2:57  Drone x2  
  35  3:05  Roach  
  37  3:07  Drone  
  38  3:13  Overlord  
  38  3:29  Overlord  
  38  3:31  Ravager x4  
  38  3:33  Drone  
  43  3:35  Drone  
  44  3:45  Drone x2  
  46  4:01  Hatchery  
  45  4:03  Drone  
  46  4:11  Overlord  
  46  4:13  Drone  
  46  4:16  Metabolic Boost  
  47  4:30  Drone x4  
  50  4:37  Queen  
  52  4:44  Overlord  
  52  4:51  Drone x2  
  52  4:52  Drone  
  55  5:04  Hatchery  
  54  5:14  Queen  
  54  5:20  Spore Crawler  
  55  5:27  Spore Crawler  
  54  5:30  Drone x2  
  54  5:33  Drone  
  57  5:35  Drone  
  57  5:36  Drone x3  
  61  5:43  Pneumatized Carapace  
  61  5:45  Drone  
  61  5:46  Zergling x6  
  65  5:52  Queen  
  67  5:58  Drone  
  67  5:59  Drone x3  
  70  6:07  Drone x3  
  73  6:13  Overlord x2  
  73  6:19  Spore Crawler  
  71  6:26  Drone  
  71  6:29  Lair  
  71  6:31  Zergling x6, Spore Crawler  
  71  6:32  Zergling x2  
  75  6:33  Drone x2  
  74  6:45  Drone x7  
  76  6:59  Drone x5  
  81  7:07  Drone x3  
  84  7:09  Drone  
  84  7:14  Evolution Chamber  
  84  7:15  Queen, Overlord x2  
  84  7:16  Evolution Chamber  
  85  7:23  Drone  
  85  7:24  Drone  
  85  7:26  Extractor, Overlord  
  85  7:27  Baneling Nest  
  85  7:29  Drone  
  86  7:35  Zergling x8  
  89  7:42  Zergling x12  
  89  7:43  Zerg Melee Weapons Level 1  
  95  7:45  Zerg Ground Armor Level 1  
  95  7:54  Zergling x6  
  97  8:04  Zergling x4  
  97  8:05  Zergling x4  
  98  8:06  Drone  
  98  8:07  Drone x3  
  99  8:16  Drone x5  
  101  8:21  Centrifical Hooks  
  101  8:22  Drone  
  101  8:24  Extractor  
  101  8:31  Overlord x3  
  101  8:32  Spire  
  101  8:34  Drone x2  
  101  8:40  Extractor  
  101  8:42  Extractor  
  101  8:47  Roach x3  
  105  8:53  Hatchery  
  105  8:54  Overseer  
  102  8:55  Drone  
  102  8:56  Drone x6  
  109  9:06  Drone x3  
  109  9:07  Drone  
  107  9:23  Drone x8  
  115  9:34  Zergling x14  
  118  9:40  Zerg Melee Weapons Level 2, Zerg Ground Armor Level 2  
  116  9:46  Zergling x6  
  116  9:49  Zerg Flyer Weapons Level 1  
  116  9:50  Overlord  
  119  10:01  Overlord x3  
  118  10:12  Zergling x2  
  118  10:13  Zergling x18  
  118  10:24  Zergling x12  
  111  10:37  Spore Crawler  
  111  10:41  Mutalisk x9  
  128  10:44  Baneling x5  
  128  10:45  Baneling x3  
  128  10:48  Drone x4  
  132  10:53  Ravager x2  
  132  10:56  Overlord  
  134  11:04  Overseer  
  134  11:07  Zergling x16  
  138  11:14  Mutalisk x5  
  138  11:16  Overlord x2  
  138  11:17  Overlord x2  
  147  11:20  Baneling x3  
  147  11:21  Queen  
  147  11:22  Extractor  
  148  11:25  Queen  
  148  11:27  Drone  
  148  11:31  Baneling x3  
  148  11:32  Baneling x3  
  151  11:33  Zergling x12  
  151  11:36  Hatchery  
  154  11:42  Zergling x2  
  154  11:43  Zergling x8  
  156  11:47  Mutalisk  
  156  11:48  Mutalisk x2  
  160  11:59  Zergling x12  
  166  12:03  Drone  
  160  12:19  Zergling x14  
  158  12:29  Mutalisk  
  150  12:30  Mutalisk x5  
  162  12:40  Zergling x2  
  162  12:41  Zergling x12  
  162  12:44  Baneling x6  
  168  12:49  Baneling x2  
  168  12:50  Baneling x4  
  168  12:54  Roach  
  168  12:55  Roach, Zergling x2  
  173  13:02  Zergling x6  
  173  13:12  Zergling x18  
  178  13:17  Zergling x2  
  165  13:21  Zergling x2  
  165  13:22  Zergling x2  

Tags
 
Add a new tag
Caveats
  • Supply blocks, unpowered buildings, or Contaminate may cause inaccurate times.
  • Supply counts are checked every 10 seconds.